 Dungeon Crawl Stone Soup version 0.30-a0-696-g2367cd04db (webtiles) character file.

Game seed: 7739414372323392362

254 wormed the Firebug (level 5, -11/38 HPs)
             Began as a Demonspawn Fire Elementalist on Jan 21, 2023.
             Killed by an exploding orc warrior (37 damage)
             ... ignited by their inner flame
             ... on level 8 of the Dungeon.
             The game lasted 00:07:32 (5052 turns).

wormed the Firebug (Demonspawn Fire Elementalist)   Turns: 5052, Time: 00:07:33

Health: -11/38     AC:  6    Str:  8    XL:     5   Next: 90%
Magic:  0/9        EV: 12    Int: 19    God:
Gold:   212        SH:  0    Dex: 15    Spells: 4/10 levels left

rFire   . . .      SeeInvis .    p - +4 quarterstaff (venom)
rCold   . . .      Faith    .    (shield currently unavailable)
rNeg    . . .      Spirit   .    d - +0 leather armour
rPois   .          Reflect  .    (no helmet)
rElec   .          Harm     .    o - +0 cloak
rCorr   .          Rampage  .    h - +0 pair of gloves
Will    .....                    c - +0 pair of boots
Stlth   +++                      (no amulet)
HPRegen 0.26/turn                (no ring)
MPRegen 0.11/turn                (no ring)

@: no status effects
A: thin skeletal structure 1, demonic guardian 2, ignite blood 1
a: no special abilities


You were on level 8 of the Dungeon.
You visited 1 branch of the dungeon, and saw 6 of its levels.

You collected 260 gold pieces.
You spent 48 gold pieces at shops.

Inventory:

Hand Weapons
 p - a +4 quarterstaff of venom (weapon)
Armour
 a - a +0 robe
 c - a +0 pair of boots (worn)
 d - a +0 leather armour (worn)
 h - a +0 pair of gloves (worn)
 o - a +0 cloak (worn)
Magical Staves
 q - a staff of earth
Wands
 k - a wand of paralysis (6)
Scrolls
 e - 6 scrolls of fog
 g - 4 scrolls of teleportation
 n - a scroll of amnesia
Potions
 b - 3 potions of magic
 f - a potion of heal wounds {unknown}
 j - a potion of resistance
 l - a potion of might {unknown}
 m - a potion of curing {unknown}
 r - a potion of berserk rage {unknown}


   Skills:
 + Level 2.0 Fighting
 + Level 2.8 Dodging
 + Level 2.9 Stealth
 + Level 3.0 Spellcasting
 + Level 2.4 Conjurations
 + Level 3.4 Fire Magic


You had 4 spell levels left.
You knew the following spells:

 Your Spells              Type           Power      Damage    Failure   Level
a - Foxfire               Conj/Fire      56%        2x1d6     7%          1
b - Scorch                Fire           30%        2d7       9%          2
c - Inner Flame           Hex/Fire       9%         N/A       32%         3

Your spell library contained the following spells:

 Spells                   Type           Power      Damage    Failure   Level
 Kindle Blastsparks       Fire/Tloc/Air  14%        2d11      38%         3
 Ozocubu's Armour         Ice            2%         N/A       54%         3
 Flame Wave               Conj/Fire      14%        2d6       54%         4
 Animate Dead             Necr           2%         N/A       91%         4
 Borgnjor's Vile Clutch   Necr/Erth      1%         N/A       99%         5
 Death Channel            Necr           1%         N/A       100%        6
 Ozocubu's Refrigeration  Ice            1%         4d7       100%        7


Dungeon Overview and Level Annotations

Branches:
Dungeon (8/15)
 Temple: D:4-7         Lair: D:8-11

Altars:
Kikubaaqudgha
Ru

Shops:
D:2 ([[*(   D:4 *


Innate Abilities, Weirdness & Mutations

You have a somewhat thin skeletal structure. (Dex +2, Stealth+)
A demonic guardian rushes to your aid.
Your demonic aura sometimes causes spilled blood to erupt in flames.


Message History

An orc warrior comes into view. It is wielding a +0 long sword.
A vampire comes into view.
A hornet comes into view.
An orc comes into view. It is wielding a +0 dagger.
As you read the scroll of magic mapping, it crumbles to dust.
You feel aware of your surroundings.
You sensed 1 altar.
Unknown command.
An orc comes into view. It is wielding a +0 club.
The orc warrior shouts!
You hear a shout!
Casting: Foxfire (safe; 7% risk of failure)
Confirm with . or Enter, or press ? or * to list all spells.
The spell is quite dangerous to miscast (32% risk of failure)!
Continue anyway?
Aiming: Inner Flame (quite dangerous; 32% risk of failure)
Press: ? - help, Dir - move target, f - orc warrior
Aim: an orc warrior, wielding a +0 long sword and wearing a +0 chain mail (chance to affect: 58%)
The orc warrior is filled with an inner flame.
The orc shouts!
An orc priest comes into view. It is wielding a +0 falchion.
Casting: Inner Flame (quite dangerous; 32% risk of failure)
Confirm with . or Enter, or press ? or * to list all spells.
Flames lash the orc warrior but do no damage.
Casting: Scorch (safe; 9% risk of failure)
Confirm with . or Enter, or press ? or * to list all spells.
Flames lash the orc warrior.
Flame seeps out of the orc warrior.
The orc warrior is moderately wounded.
The orc warrior's fire resistance burns away.
The orc warrior is engulfed in blazing flames.
Flame seeps out of the orc warrior.
The orc warrior hits you with a +0 long sword!
A demonic guardian appears!
Casting: Scorch (safe; 9% risk of failure)
Confirm with . or Enter, or press ? or * to list all spells.
Flames lash the orc priest.
The orc priest is severely wounded.
The orc priest's fire resistance burns away.
The orc warrior is engulfed in blazing flames.
The orc warrior explodes!
The fiery explosion engulfs you!!!
Ouch! That really hurt!
You die...

# ##.........# *,,,,,,,* #
#..#.......# ****,,...,,*
###.##.......# *,,,,,...,,*
.[..........####,**,....,,*
................,**....,,,**
########.##....####..#***,,* #
#.#*###..§oo.###*,,,* #.##
*##§○§...#*,*,****** #####
#..# ####@#***,**,*,**,,,*
....#**##.###...4#
*,*,,*,**,,,*
.......##.#...####
*,,,**,**,,,* ######........#
*,,***,**,,,* #####....# *,,*
*,**,,,* ##..#.##### *,,*
*,>*,,,*
##...#.....#**,,****,,,,,*
#####...######.#*,,,,,**,,,,,*
##.......# #.#,,***,**<,,,,*


You could see an orc priest (combustible), an orc and a friendly rust devil
(summoned).

Vanquished Creatures
  An orc warrior (D:8)
  Crazy Yiuf (D:2)
  2 iguanas (D:4)
  An orc wizard (D:3)
  4 adders
  A gnoll (D:1)
  3 worms
  3 dart slugs (D:4)
  6 orcs
  7 bats
  4 endoplasms
  3 giant cockroaches
  6 goblins
  8 hobgoblins
  4 jackals (D:4)
  8 quokkas
  6 ball pythons
  6 kobolds
  7 rats
81 creatures vanquished.

Vanquished Creatures (collateral kills)
  2 orcs (D:3)
2 creatures vanquished.

Vanquished Creatures (others)
  230 foxfires
230 creatures vanquished.

Grand Total: 313 creatures vanquished

Notes
Turn   | Place    | Note
-------+----------+-------------------------------------------
     0 | D:1      | wormed the Demonspawn Fire Elementalist began the quest for
                  | the Orb.
     0 | D:1      | Reached XP level 1. HP: 13/13 MP: 3/3
   376 | D:1      | Gained mutation: A weak demonic guardian rushes to your
                  | aid. [demonic ancestry]
   376 | D:1      | Reached XP level 2. HP: 19/19 MP: 1/5
   792 | D:1      | Gained mutation: A demonic guardian rushes to your aid.
                  | [demonic ancestry]
   792 | D:1      | Reached XP level 3. HP: 25/25 MP: 1/6
   795 | D:1      | Learned a level 2 spell: Scorch
   799 | D:1      | Learned a level 3 spell: Inner Flame
  1444 | D:2      | Reached skill level 1 in Fighting
  1468 | D:2      | Found Xiutocvimuke's Armour Boutique.
  1575 | D:2      | Found Imerphu's Assorted Antiques.
  1648 | D:2      | Found Xeinwav's Antique Armour Emporium.
  1710 | D:2      | Found a runed translucent door.
  1711 | D:2      | Noticed Crazy Yiuf
  1787 | D:2      | Found Titsegulom's Antique Weapon Emporium.
  1815 | D:2      | Gained mutation: You have a somewhat thin skeletal
                  | structure. (Dex +2, Stealth+) [demonic ancestry]
  1815 | D:2      | Reached XP level 4. HP: 32/32 MP: 0/7
  1853 | D:2      | Bought a scroll labelled XOAKKA XIRPH for 24 gold pieces
  1853 | D:2      | Bought a scroll labelled YKOIPH FAHAGGY for 24 gold pieces
  2220 | D:2      | Found Istrarhui's Weapon Boutique.
  2318 | D:2      | Found a faded altar of an unknown god.
  2515 | D:2      | Found an ancient bone altar of Kikubaaqudgha.
  2621 | D:2      | Killed Crazy Yiuf
  2635 | D:2      | Identified the +0 hammer of the Assorted Yaks {heavy, rN+
                  | Dex+5 Stlth-}
  3322 | D:3      | Gained mutation: Your demonic aura sometimes causes spilled
                  | blood to erupt in flames. [demonic ancestry]
  3322 | D:3      | Reached XP level 5. HP: 37/37 MP: 3/9
  3483 | D:3      | Found an ancient bone altar of Kikubaaqudgha.
  4510 | D:4      | Found Zin's Purification Station.
  4791 | D:5      | Entered Level 5 of the Dungeon
  4791 | D:5      | You fall into a shaft and drop 3 floors!
  4792 | D:8      | Found a sacrificial altar of Ru.
  4813 | D:8      | Noticed a hornet
  4971 | D:8      | Identified the +1 leather armour of Snakes and Ladders
                  | {Rampage MP+9 Slay+3}
  5004 | D:8      | Noticed an orc warrior
  5011 | D:8      | Noticed a vampire
  5021 | D:8      | Noticed a hornet
  5052 | D:8      | Killed an orc warrior
  5052 | D:8      | Killed by an exploding orc warrior... ignited by their
                  | inner flame

Illustrated notes

Levels and vault maps discovered:
D:1:      sevenhm_arrival_forest_fort_small_5, layout_loops_ring
D:2:      layout_rooms, serial_shops, nicolae_square_shop, shop,
          nicolae_shop_hallway_stairs, nicolae_square_shop,
          nicolae_shop_waterfront, basic_altar, chequers_ecumenical_altar_grove,
          uniq_crazy_yiuf_cottage
D:3:      layout_basic, overflow_temple_1_default
D:4:      layout_rooms, zin_purify
D:5:      layout_basic, minmay_temple_entry_antechambers,
          hangedman_abyss_or_decor_stagger
D:8:      layout_rooms, mainiacjoe_overflow_paths,
          nicolae_overflow_crystal_walls, kennysheep_generic_room_15

Skill      XL: |  1  2  3  4  5 |
---------------+----------------+-----
Stealth        | 2 |  2.9
Dodging        | 2 |  2.8
Fire Magic     | 3 |  3.4
Fighting       | 1 2 |  2.0
Conjurations   | 2 |  2.4
Spellcasting   | 3 |  3.0

Action                   |  1- 3 |  4- 6 || total
-------------------------+-------+-------++-------
Melee: Unarmed           |     4 |       ||     4
       Short sword       |     5 |    24 ||    29
       Quarterstaff      |       |     8 ||     8
 Cast: Foxfire           |    62 |    74 ||   136
       Scorch            |     9 |    35 ||    44
       Inner Flame       |       |     1 ||     1
  Use: Scroll            |       |    10 ||    10
Armor: Robe              |     9 |     8 ||    17
       Leather armour    |       |    12 ||    12
Dodge: Dodged            |    25 |    31 ||    56

Table legend: (Time is in decaauts)
 A = Elapsed time spent in this place.
 B = Non-inter-level travel time spent in this place.
 C = Inter-level travel time spent in this place.
 D = Time resting spent in this place.
 E = Time spent auto-exploring this place.
 F = Levels seen in this place.
 G = Mean time per level.
                   A        B        C        D        E       F      G
               +--------+--------+--------+--------+--------+-----+--------+
         Total |   5054 |   4875 |    179 |      0 |   4088 |   6 |  842.3 |
       Dungeon |   5054 |   4875 |    179 |      0 |   4088 |   6 |  842.3 |
               +--------+--------+--------+--------+--------+-----+--------+

Top non-repeatable levels by time:
     D:1: 1464 daAuts
     D:2: 1270 daAuts
     D:3: 1263 daAuts
     D:4: 796 daAuts
     D:8: 260 daAuts
